 Dungeon Crawl Stone Soup version 0.19-a0-790-ge39e1af (webtiles) character file.

373 AlphabetPasta the Caller (level 6, -6/45 HPs)
             Began as a Draconian Summoner on June 26, 2016.
             Killed by divine providence
             ... invoked by an orc priest
              (14 damage)
             ... on level 4 of the Dungeon.
             The game lasted 00:19:04 (3417 turns).

AlphabetPasta the Caller (Draconian Summoner)       Turns: 3417, Time: 00:19:05

Health: -6/45      AC:  7    Str: 11    XL:     6   Next: 43%
Magic:  4/11       EV: 13    Int: 17    God:
Gold:   323        SH:  0    Dex: 11    Spells: 3 memorised, 6 levels left

rFire  . . .     SeeInvis .     g - +1 dagger
rCold  . . .     Gourm    .     (armour unavailable)
rNeg   . . .     Faith    .     (no shield)
rPois  .         Spirit   .     (helmet restricted)
rElec  .         Dismiss  .     (no cloak)
rCorr  .         Reflect  .     e - +0 pair of gloves
SustAt .         Harm     .     (no boots)
MR     .....                    (no amulet)
Stlth  ++........               (no ring)
                                (no ring)

@: not resistant to hostile enchantments, unstealthy
A: unfitting armour, cold-blooded, AC +6
a: no special abilities


You were on level 4 of the Dungeon.
You were not hungry.

You visited 1 branch of the dungeon, and saw 4 of its levels.

You collected 323 gold pieces.

Inventory:

Hand Weapons
 g - a +1 dagger (weapon)
Armour
 e - a +0 pair of gloves (worn)
Wands
 n - a wand of paralysis (18/24)
Scrolls
 c - 3 scrolls of remove curse
 h - a scroll of enchant weapon
 m - 3 scrolls of teleportation
 p - a scroll of magic mapping
Potions
 f - a potion of haste
 l - a potion of curing
 o - a potion of flight {unknown}
Books
 a - a book of Callings

   Spells                             Type                      Level
   a - Summon Small Mammal            Summoning                    1
   b - Call Imp                       Summoning                    2
   c - Call Canine Familiar           Summoning                    3
   d - Summon Guardian Golem          Hexes/Summoning              3
   e - Summon Lightning Spire         Summoning/Air                4
   f - Summon Ice Beast               Ice/Summoning                4
Comestibles
 b - 2 bread rations
 d - 2 meat rations
 i - a slice of pizza
 j - 6 fruits
 k - 6 chunks of flesh


   Skills:
 + Level 3.5 Dodging
 - Level 1.7 Stealth
 + Level 3.5 Spellcasting
 * Level 6.1 Summonings


You had 6 spell levels left.
You knew the following spells:

 Your Spells              Type           Power        Failure   Level  Hunger
a - Summon Small Mammal   Summ           ###.         1%          1    None
b - Call Imp              Summ           ###.....     1%          2    ##.....
c - Call Canine Familiar  Summ           ###.....     4%          3    ###....


Dungeon Overview and Level Annotations

Branches:
Dungeon (4/15)
 Temple: D:4-7

Altars:
Sif Muna
Yredelemnul


Innate Abilities, Weirdness & Mutations

Your plain brown scales are hard. (AC +6)
Your body does not fit into most forms of armour.
You are cold-blooded and may be slowed by cold attacks.


Message History

Press: ? - help, Dir - move target cursor, f - orc priest
Aim: an orc priest, wielding a flail Attack!
Your hound barely misses the orc priest.
The orc priest barely misses your hound.
Your hound bites the orc priest.
Your hound barely misses the orc priest.
The orc priest hits your hound with a flail!
Your shadow imp closely misses the orc priest.
Your hound closely misses the orc priest.
Your crimson imp blinks!
Your hound closely misses the orc priest.
The orc priest invokes the aid of Beogh against you.
Beogh smites you!
* * * LOW HITPOINT WARNING * * *
Your shadow imp barely misses the orc priest.
You feel better.
Your hound bites the orc priest.
The orc priest invokes the aid of Beogh against you.
Beogh smites you!
You die...

* *,* * *******,* * *,,,,,*,* *
*,***,*,* * *,*,,,*,* *
*,*,*,*.#######################
*
*,*,,,,.ooo).o5................
*
*,*,,<*.######h....############
* *,*,***,* #@....# ######### *
*,,,,,,,* #..ยง..# #........
*****,******** #.....#
#........
,,,,,,,,,,,,,**#..5..#
#........
*****,**,,,,,,*#.....#
#........
*,**,,,,,,*#######**#........
*,**,,,,,,,,,,,,,,,,#........
*,**,,,,,,,,,,,,,,,,#........
*,**,,,,,,,,,,,,,,,,#........


You could see an orc priest, a friendly hound, a friendly crimson imp and a
friendly shadow imp.

Vanquished Creatures
  A scorpion (D:4)
  2 orc priests (D:3)
  An orc wizard (D:3)
  An ooze (D:3)
  2 worms
  A dart slug (D:1)
  A giant gecko (D:3)
  An orc (D:3)
  10 bats
  3 giant cockroaches
  7 goblins
  6 hobgoblins
  4 jackals
  A quokka (D:3)
  3 giant newts
  A kobold (D:2)
  5 rats
50 creatures vanquished.

Vanquished Creatures (collateral kills)
  Eustachio (D:4)
  An ogre (D:4)
  A howler monkey (D:4)
  A hound (D:4)
  An orc priest (D:3)
  An adder (D:2)
  2 worms
  10 orcs
  A bat (D:2)
  A goblin (D:1)
  3 hobgoblins (D:1)
  2 jackals (D:4)
  A quokka (D:4)
  A fungus (D:3)
27 creatures vanquished.

Grand Total: 77 creatures vanquished

Notes
Turn   | Place    | Note
--------------------------------------------------------------
     0 | D:1      | AlphabetPasta the Draconian Summoner began the quest for the Orb.
     0 | D:1      | Reached XP level 1. HP: 14/14 MP: 3/3
   596 | D:1      | Reached XP level 2. HP: 19/20 MP: 5/5
   952 | D:1      | Learned a level 2 spell: Call Imp
  1317 | D:2      | Reached XP level 3. HP: 23/26 MP: 6/6
  1334 | D:2      | Learned a level 3 spell: Call Canine Familiar
  1880 | D:3      | Reached XP level 4. HP: 19/33 MP: 1/8
  1887 | D:3      | Found a basalt altar of Yredelemnul.
  2248 | D:3      | Found a deep blue altar of Sif Muna.
  2270 | D:3      | You fall through a shaft!
  2305 | D:4      | Noticed an ogre
  2318 | D:4      | Killed an ogre
  2318 | D:4      | Reached skill level 5 in Summonings
  2647 | D:3      | Reached XP level 5. HP: 32/38 MP: 6/9
  3242 | D:4      | Noticed Eustachio
  3261 | D:4      | Killed Eustachio
  3261 | D:4      | Reached skill level 6 in Summonings
  3261 | D:4      | Reached XP level 6. HP: 24/45 MP: 4/11
  3416 | D:4      | HP: 2/45 [orc priest/divine providence (12)]
  3417 | D:4      | Killed from afar by an orc priest

Vault maps used:
D:1:      dpeg_arrival_rooms_c
D:3:      lemuel_crystal_altar, old_standard_altar, first_bread,
          minmay_gold_behind_fungi, hangedman_decor_slide_cut
D:4:      grunt_gozag_breadcrumbs, uniq_robin, uniq_edmund, uniq_eustachio

Skill      XL: |  1  2  3  4  5 |
---------------+----------------+-----
Dodging        | 2 3 |  3.5
Spellcasting   | 3 |  3.5
Summonings     | 5 6 |  6.1
Stealth        | |  1.7

Action                   |  1- 3 |  4- 6 || total
-------------------------+-------+-------++-------
Melee: Unarmed           |    63 |       ||    63
       Dagger            |   126 |   101 ||   227
       Tailslap          |    17 |    12 ||    29
 Cast: Summon Small Mamm |    14 |       ||    14
       Call Imp          |     3 |     5 ||     8
       Call Canine Famil |     4 |    13 ||    17
  Use: Scroll            |       |    12 ||    12
       Potion            |       |     2 ||     2
 Stab: Sleeping          |     6 |       ||     6
       Distracted        |     1 |     2 ||     3
  Eat: Chunk             |     4 |     5 ||     9
       Beef jerky        |       |     1 ||     1
Armor: Skin              |    54 |    35 ||    89
Dodge: Dodged            |   109 |    65 ||   174
